 Dungeon Crawl Stone Soup version 0.32-a0-614-gd166fa89d2 (webtiles) character file.

Game seed: 15719495154561966010

19 senseless the Trooper (level 2, 0/24 HPs)
             Began as a Demonspawn Monk on Mar 5, 2024.
             Slain by a quokka (3 damage)
             ... on level 1 of the Dungeon.
             The game lasted 00:01:10 (299 turns).

senseless the Trooper (Demonspawn Monk)              Turns: 299, Time: 00:01:11

Health: 0/24       AC:  2    Str: 11    XL:     2   Next: 55%
Magic:  2/2        EV: 13    Int: 12    God:
Gold:   10         SH:  0    Dex: 15    Spells: 1/1 levels left

rFire   . . .        a - +0 hand axe
rCold   . . .        d - orb {light}
rNeg    . . .        b - +0 robe
rPois   +            (no helmet)
rElec   .            (no cloak)
rCorr   .            (no gloves)
SInv    .            (no boots)
Will    .....        (no amulet)
Stlth   +            i - ring of poison resistance
HPRegen 0.24/turn    (no ring)
MPRegen 0.08/turn

%: no passive effects
@: glowing
A: big brain 1
a: no special abilities


You were on level 1 of the Dungeon.
You visited 1 branch of the dungeon, and saw 1 of its levels.

You collected 10 gold pieces.

Inventory:

Hand Weapons
 a - a +0 hand axe (weapon)
Armour
 b - a +0 robe (worn)
 d - an orb of light (worn)
Jewellery
 i - a ring of poison resistance (left hand)
Scrolls
 e - a scroll of enchant armour {unknown}
 f - 2 scrolls of identify {unknown}
 g - a scroll of enchant weapon {unknown}
Potions
 c - a potion of ambrosia
 h - 2 potions of invisibility {unknown}


   Skills:
 + Level 3.3 Fighting
 + Level 3.0 Axes
 + Level 3.0 Dodging


You had one spell level left.
You didn't know any spells.
Your spell library was empty.

Dungeon Overview and Level Annotations

Branches:
Dungeon (1/15)

Altars:


Innate Abilities, Weirdness & Mutations

You have an unusually large brain. (Int +2)


Message History

No target in view!
No target in view!
No target in view!
A goblin comes into view. It is wielding a +0 dagger.
The goblin shouts! 2 goblins come into view.
The goblin shouts!
You see here a ring of poison resistance.
i - a ring of poison resistance (left hand)
A quokka comes into view.
A bat comes into view.
The bat misses you. The bat closely misses you.
The goblin hits you but does no damage. The quokka bites you.
You barely miss the quokka. You barely miss the bat.
You completely miss the goblin. The bat misses you.
The quokka closely misses you. The goblin hits you with a +0 dagger.
You closely miss the quokka. You barely miss the goblin. You hit the goblin.
The bat hits you but does no damage. The quokka closely misses you.
The goblin completely misses you. The bat hits you. The quokka bites you.
You hit the goblin.
You kill the goblin!
You hit the quokka but do no damage. You hit the goblin but do no damage.
You hit the bat.
You kill the bat!
You closely miss the goblin. The goblin hits you with a +0 club.
The goblin barely misses you. The quokka bites you.
Your Axes skill increases to level 3!
You are too injured to fight recklessly!
You hit the goblin.
You kill the goblin!
You hit the goblin. You barely miss the quokka.
The goblin hits you with a +0 club.
* * * LOW HITPOINT WARNING * * *
The quokka bites you.
* * * LOW HITPOINT WARNING * * *
The goblin hits you but does no damage.
You hit the goblin.
You kill the goblin!
You closely miss the quokka. The quokka misses you. The quokka bites you.
You die...

.. .###.. #' #.....##
...# #. #......+ ...+ .
#......# ...####
#......# #......
#......# #.#####
#....r†# #.#
#....)@##########.#####
#....)).............#..
#.......#########.#.#.#
#........ ...#.#.#
#.....#.###########.#.#
##......# ..........#..
#.#.#### ♣♣♣♣...♣♣♣♣.
#.#. ♣....♣.♣....♣ # ##
....).♣......


You could see a quokka.

Vanquished Creatures
  A dart slug (D:1)
  3 ball pythons (D:1)
  2 bats (D:1)
  An endoplasm (D:1)
  A giant cockroach (D:1)
  3 goblins (D:1)
  2 hobgoblins (D:1)
  A frilled lizard (D:1)
  A kobold (D:1)
  3 rats (D:1)
18 creatures vanquished.

Notes
Turn   | Place    | Note
-------+----------+-------------------------------------------
     0 | D:1      | senseless the Demonspawn Monk began the quest for the Orb.
     0 | D:1      | Reached XP level 1. HP: 18/18 MP: 1/1
   180 | D:1      | Gained mutation: You have an unusually large brain. (Int
                  | +2) [demonic ancestry]
   180 | D:1      | Reached XP level 2. HP: 20/24 MP: 2/2
   299 | D:1      | Slain by a quokka

Illustrated notes

Levels and vault maps discovered:
D:1:      orjb1_clovarrival, layout_basic, serial_shops, shop,
          shapermc_ecumenical_altar_mp_highgroup, nrook_mini_backslash,
          minmay_misc_feat_five

Skill      XL: |  1  2 |
---------------+-------+-----
Dodging        | 3 |  3.0
Axes           | 3 |  3.0
Fighting       | |  3.3

Action                     || total
---------------------------++-------
  Melee: Hand axe          ||    45
 Armour: Robe              ||    27
  Dodge: Dodged            ||    43

Table legend: (Time is in decaauts)
 A = Elapsed time spent in this place.
 B = Non-inter-level travel time spent in this place.
 C = Inter-level travel time spent in this place.
 D = Time resting spent in this place.
 E = Time spent auto-exploring this place.
 F = Levels seen in this place.
 G = Mean time per level.
                   A        B        C        D        E       F      G
               +--------+--------+--------+--------+--------+-----+--------+
         Total |    309 |    309 |      0 |      0 |    227 |   1 |  309.0 |
       Dungeon |    309 |    309 |      0 |      0 |    227 |   1 |  309.0 |
               +--------+--------+--------+--------+--------+-----+--------+

Top non-repeatable levels by time:
     D:1: 309 daAuts
